 Dungeon Crawl Stone Soup version 0.17-a0-1534-gf98da79 (webtiles) character file.

185 mrath the Digger (level 5, -2/28 HPs)
             Began as a Gargoyle Earth Elementalist on July 17, 2015.
             Slain by Crazy Yiuf
             ... wielding a +2 quarterstaff of chaos
              (5 damage)
             ... on level 7 of the Dungeon.
             The game lasted 00:31:10 (4138 turns).

mrath the Digger (Gargoyle Earth Elementalist)      Turns: 4138, Time: 00:31:11

Health: -2/28      AC: 12    Str: 11    XL:     5   Next: 64%
Magic:  11/11      EV: 12    Int: 17    God:
Gold:   168        SH:  0    Dex: 10    Spells: 2 memorised, 9 levels left

rFire  x . .     SeeInvis .     t - +2 mace (protect)
rCold  + . .     Clarity  .     b - +0 robe
rNeg   + . .     SustAt   .     (no shield)
rPois  ∞         Gourm    .     (no helmet)
rElec  +         Spirit   .     (no cloak)
rCorr  +         Warding  .     (no gloves)
rMut   .         Stasis   .     n - +0 pair of boots
MR     .....                    l - amulet of resist corrosion
Stlth  ++........               (no ring)
                                p - ring of ice

@: not resistant to hostile enchantments, unstealthy
A: negative energy resistance 1, electricity resistance, unbreathing,
petrification resistance, rot immunity, AC +4
a: no special abilities


You were on level 7 of the Dungeon.
You were not hungry.

You visited 1 branch of the dungeon, and saw 5 of its levels.

You collected 168 gold pieces.

Inventory:

Hand weapons
 g - a +0 hand axe
 o - a +2 whip of pain
 q - a +0 hunting sling
 t - a +2 mace of protection (weapon)
 y - a cursed -1 dagger
Missiles
 a - 3 stones (quivered)
 d - 15 sling bullets
 i - 6 needles of slowing
Armour
 b - a +0 robe (worn)
 n - a +0 pair of boots (worn)
Jewellery
 l - an amulet of resist corrosion (around neck)
 p - a ring of ice (left hand)
 u - a +4 ring of protection {unknown}
 z - an uncursed amulet of warding {unknown}
Magical devices
 w - a wand of magic darts (19)
Scrolls
 e - 3 scrolls of remove curse {unknown}
 f - a scroll of enchant armour {unknown}
 m - a scroll of magic mapping {unknown}
 s - a scroll of amnesia {unknown}
 v - a scroll of recharging {unknown}
 x - a scroll of identify
 A - 3 scrolls of blinking {unknown}
Potions
 h - a potion of lignification {unknown}
Books
 c - a book of Geomancy

   Spells                             Type                      Level
   a - Sandblast                      Earth                        1
   b - Stoneskin                      Transmutation/Earth          2
   c - Passwall                       Transmutation/Earth          3
   d - Stone Arrow                    Conjuration/Earth            3
   e - Petrify                        Transmutation/Earth          4
   f - Lee's Rapid Deconstruction     Earth                        5
Comestibles
 j - 2 chunks of flesh
 k - 4 fruits
 r - 2 meat rations
 B - a royal jelly


   Skills:
 - Level 1.5 Dodging
 - Level 2.1 Stealth
 * Level 4.4 Spellcasting
 - Level 0.7 Transmutations
 + Level 5.1 Earth Magic


You had 9 spell levels left.
You knew the following spells:

 Your Spells              Type           Power        Failure   Level  Hunger
a - Sandblast             Erth           ###...       1%          1    None
b - Stoneskin             Trmt/Erth      ##......     10%         2    ##.....


Dungeon Overview and Level Annotations

Branches:
Dungeon (7/15)
 Temple: D:4-7

Altars:
Kikubaaqudgha
Yredelemnul
The Shining One

Annotations:
D:7 Crazy Yiuf, Dowan, Duvessa


Innate Abilities, Weirdness & Mutations

You are resistant to torment.
Your stone body is resilient (AC +4).
You are immune to poison.
You resist negative energy.
You are resistant to electric shocks.
You can survive without breathing.
You are immune to petrification.
You are immune to rotting.


Message History

* * * LOW HITPOINT WARNING * * *
You see here an arrow.
The centaur shoots an arrow.
The arrow misses you.
The centaur shoots an arrow.
The arrow closely misses you.
The centaur shoots an arrow.
The arrow closely misses you.
You see here 4 arrows.
Found a hammer.
Crazy Yiuf the Enlightened comes into view.
He is wielding a quarterstaff of chaos.
You hear the slow hiss of a distant avalanche of sand.
Crazy Yiuf shouts!
The centaur shoots an arrow.
The arrow closely misses you. Crazy Yiuf hits you but does no damage.
You hit Crazy Yiuf but do no damage.
The centaur shoots an arrow.
The arrow hits you.
* * * LOW HITPOINT WARNING * * *
Crazy Yiuf hits you but does no damage.
You hit Crazy Yiuf.
Crazy Yiuf is lightly wounded.
Crazy Yiuf hits you with a quarterstaff of chaos.
You die...

#####♣♣♣♣♣
#..'...♣.♣♣♣#####
#.....(.♣..♣#...#
#
#...(..♣♣♣♣c..@g#
###..+..♣♣
♣♣#..(# e.c..##♣♣
##### ###### #


You could see a centaur and Crazy Yiuf.

Vanquished Creatures
  9 adders
  3 worms
  3 giant geckos
  2 orcs (D:3)
  10 giant cockroaches
  10 hobgoblins
  15 jackals
  A ball python (D:3)
  6 bats
  3 giant newts (D:1)
  8 goblins
  15 kobolds
  9 rats
94 creatures vanquished.

Notes
Turn   | Place    | Note
--------------------------------------------------------------
     0 | D:1      | mrath the Gargoyle Earth Elementalist began the quest for the Orb.
     0 | D:1      | Reached XP level 1. HP: 10/10 MP: 3/3
   504 | D:1      | Reached XP level 2. HP: 12/15 MP: 5/5
   790 | D:1      | Reached skill level 4 in Earth Magic
  1047 | D:1      | Learned a level 2 spell: Stoneskin
  1273 | D:1      | Reached XP level 3. HP: 6/19 MP: 0/7
  2239 | D:2      | Reached XP level 4. HP: 24/24 MP: 3/9
  2807 | D:2      | Found a glowing golden altar of the Shining One.
  3145 | D:3      | Found a basalt altar of Yredelemnul.
  3328 | D:3      | Reached XP level 5. HP: 19/28 MP: 9/11
  3675 | D:3      | Reached skill level 5 in Earth Magic
  4021 | D:4      | Found an ancient bone altar of Kikubaaqudgha.
  4033 | D:4      | You fall through a shaft for 3 floors!
  4082 | D:7      | Noticed a spriggan baker
  4103 | D:7      | Noticed Dowan
  4104 | D:7      | Noticed a centaur
  4105 | D:7      | Noticed Duvessa
  4131 | D:7      | Noticed Crazy Yiuf
  4138 | D:7      | Slain by Crazy Yiuf

Vault maps used:
D:1:      dpeg_arrival_brainrot, minmay_misc_feat_nine_boxes, minmay_bisected
D:2:      nicolae_tso_swordbearing_angel
D:3:      forest_paths, lemuel_crystal_altar
D:4:      old_standard_altar, first_bread, uniq_grinder
D:7:      nicolae_qazlal_style_of_elements, lemuel_coloured_pillars_altar,
          temple_statues, enter_ossuary_2, the_bakery, uniq_crazy_yiuf_cottage,
          uniq_duvessa, uniq_menkaure, uniq_prince_ribbit1

Action                   |  1- 3 |  4- 6 || total
-------------------------+-------+-------++-------
Melee: Hand axe          |    35 |    10 ||    45
       Mace              |       |   143 ||   143
 Cast: Sandblast         |    60 |    24 ||    84
  Use: Scroll            |     3 |     1 ||     4
 Stab: Sleeping          |       |     3 ||     3
  Eat: Chunk             |     1 |     5 ||     6
       Bread ration      |     1 |       ||     1
